 Dungeon Crawl Stone Soup version 0.16.1-30-g34a7ffa (webtiles) character file.

184 tesudzi the Chiller (level 5, 0/31 HPs)
             Began as an Octopode Ice Elementalist on June 28, 2015.
             Succumbed to an adder's poison
             ... on level 2 of the Dungeon.
             The game lasted 00:08:52 (3729 turns).

tesudzi the Chiller (Octopode Ice Elementalist)     Turns: 3729, Time: 00:08:52

Health: 0/31       AC:  1    Str:  7    XL:     5   Next: 63%
Magic:  3/9        EV: 12    Int: 18    God:
Gold:   124        SH:  0    Dex: 13    Spells: 3 memorised, 2 levels left

rFire  . . .     SeeInvis .     p - +1 dagger (freeze)
rCold  . . .     Clarity  +     (no shield)
rNeg   . . .     SustAb   .     (helmet restricted)
rPois  .         Gourm    .     (no amulet)
rElec  .         Spirit   .     (no ring)
rCorr  .         Warding  .     (no ring)
rMut   .         Stasis   .     (no ring)
MR     .....                    (no ring)
Stlth  ++++......               (no ring)
                                (no ring)
                                (no ring)
                                (no ring)

@: lethally poisoned (0 -> -2), not resistant to hostile enchantments, stealthy
A: almost no armour, amphibious, 8 rings, constrict 8, camouflage 1, clarity,
gelatinous body 1
a: no special abilities


You were on level 2 of the Dungeon.
You were hungry.

You visited 1 branch of the dungeon, and saw 3 of its levels.

You collected 124 gold pieces.

Inventory:

Hand weapons
 a - a +0 short sword
 p - a +1 dagger of freezing (weapon)
Jewellery
 f - an uncursed ring of protection from cold {unknown}
Magical devices
 j - a wand of digging (11)
 l - a wand of random effects (5)
Scrolls
 d - a scroll of blinking {unknown}
 e - a scroll of identify
 g - a scroll of magic mapping {unknown}
 h - a scroll of remove curse {unknown}
 i - a scroll of amnesia {unknown}
 k - a scroll of teleportation {unknown}
 q - a scroll of enchant armour
Books
 b - a book of Frost

   Spells                             Type                      Level
   a - Freeze                         Ice                          1
   b - Throw Frost                    Conjuration/Ice              2
   c - Ozocubu's Armour               Charms/Ice                   3
   d - Throw Icicle                   Conjuration/Ice              4
   e - Summon Ice Beast               Ice/Summoning                4
   f - Condensation Shield            Ice                          4
Comestibles
 c - a bread ration
 o - 3 chunks of flesh


   Skills:
 - Level 2.0 Dodging
 + Level 4.6 Stealth
 - Level 2.0 Spellcasting
 - Level 1.0 Conjurations
 - Level 5.5 Ice Magic


You had 2 spell levels left.
You knew the following spells:

 Your Spells              Type           Power        Failure   Level  Hunger
a - Freeze                Ice            ###.         1%          1    #......
b - Ozocubu's Armour      Chrm/Ice       ##......     21%         3    ###....
c - Throw Frost           Conj/Ice       ##....       10%         2    ###....


Dungeon Overview and Level Annotations

Branches:
Dungeon (3/15)

Altars:


Innate Abilities, Weirdness & Mutations

You cannot wear most types of armour.
You are amphibious.
You can wear up to eight rings at the same time.
You can use your tentacles to constrict many enemies at once.
Your skin changes colour to match your surroundings (Stealth).
Your rubbery body absorbs attacks (AC +1).
You possess an exceptional clarity of mind.


Message History

Aim: an adder (severely wounded)
The puff of frost hits the adder.
You kill the adder!
You are feeling hungry.
* * * LOW HITPOINT WARNING * * *
You feel sick.
Drink which item? (? for menu, Esc to quit)
It was a potion of restore abilities.
You feel refreshed.
Drink which item? (? for menu, Esc to quit)
Okay, then.
There is a lethal amount of poison in your body!
Drink which item? (? for menu, Esc to quit)
You feel refreshed.
* * * LOW HITPOINT WARNING * * *
You feel sick.
Quiver which item? (- for none, * to show all) (? for menu, Esc to quit)
Okay, then.
* * * LOW HITPOINT WARNING * * *
You feel sick.
You die...

#######
#######.....####
###.....#.....'...
#.'.....'.....####
#†#.....#.....# #
#@#.....#.....####
#.#.....#.#......#
#.#.....#.######.#
#.#.....#.# #.#
#####.#.....#.######..
#>....'...............
#.#####......#########
#.##########.#########
#.....................


There were no monsters in sight!

Vanquished Creatures
  An orc priest (D:3)
  Jessica (D:3)
  5 adders (D:2)
  3 worms
  An ooze (D:1)
  3 orcs (D:3)
  A ball python (D:1)
  6 giant cockroaches
  8 hobgoblins
  8 jackals
  5 bats
  2 giant geckos (D:1)
  3 giant newts
  7 goblins
  7 kobolds
  5 rats
66 creatures vanquished.

Notes
Turn   | Place    | Note
--------------------------------------------------------------
     0 | D:1      | tesudzi, the Octopode Ice Elementalist, began the quest for the Orb.
     0 | D:1      | Reached XP level 1. HP: 11/11 MP: 3/3
   268 | D:1      | Reached XP level 2. HP: 13/17 MP: 4/4
   784 | D:1      | Reached skill level 4 in Ice Magic
   808 | D:1      | Reached XP level 3. HP: 11/21 MP: 6/6
  1382 | D:1      | Learned a level 3 spell: Ozocubu's Armour
  1802 | D:2      | Learned a level 2 spell: Throw Frost
  1860 | D:2      | Reached XP level 4. HP: 27/27 MP: 0/7
  2070 | D:2      | Reached skill level 5 in Ice Magic
  3123 | D:3      | Noticed Jessica
  3137 | D:3      | Reached XP level 5. HP: 24/31 MP: 2/9
  3298 | D:3      | Gained mutation: Your mind is acute. (Int +2) [potion of mutation]
  3298 | D:3      | Gained mutation: You possess an exceptional clarity of mind. [potion of mutation]
  3298 | D:3      | Lost mutation: Your mind is acute. (Int +2) [potion of mutation]
  3574 | D:3      | Killed Jessica
  3659 | D:3      | HP: 1/31 [hobgoblin (2)]
  3721 | D:2      | HP: 1/31 [poisoned by an adder]
  3729 | D:2      | Succumbed to an adder's poison

Action                   |  1- 3 |  4- 6 || total
-------------------------+-------+-------++-------
Melee: Short sword       |    73 |    61 ||   134
       Unarmed           |     3 |       ||     3
       Dagger            |       |    14 ||    14
 Cast: Freeze            |     3 |     4 ||     7
       Throw Frost       |     1 |    10 ||    11
       Ozocubu's Armour  |       |     7 ||     7
Evoke: Wand              |       |     3 ||     3
  Use: Scroll            |       |     3 ||     3
       Potion            |       |     3 ||     3
 Stab: Sleeping          |    14 |     2 ||    16
  Eat: Chunk             |     3 |     7 ||    10
